 Dungeon Crawl Stone Soup version 0.32-a0-732-ga344392067 (webtiles) character file.

Game seed: 15282152889011559745

1695 jasper the Fighter (level 8, -13/68 HPs)
             Began as a Demonspawn Shapeshifter on Mar 16, 2024.
             Was a Believer of Kikubaaqudgha.
             Killed by the air
             ... invoked by Gastronok
              (19 damage)
             ... on level 9 of the Dungeon.
             The game lasted 00:11:19 (5002 turns).

jasper the Fighter (Demonspawn Shapeshifter)        Turns: 5002, Time: 00:11:20

Health: -13/68     AC: 12    Str: 16    XL:     8   Next: 72%
Magic:  0/11       EV: 10    Int: 11    God:    Kikubaaqudgha [**....]
Gold:   255        SH:  0    Dex: 13    Spells: 6/11 levels left

rFire   . . .        v - +0 dagger (venom)
rCold   . . .        (no shield)
rNeg    . . .        m - +0 ring mail
rPois   .            s - +1 helmet
rElec   .            (no cloak)
rCorr   .            j - +2 pair of gloves
SInv    .            (no boots)
Will    .....        k - amulet of faith
Stlth   +            (no ring)
HPRegen 0.31/turn    (no ring)
MPRegen 0.24/turn

%: guardian spirit, faith
@: wreathed by umbra, invisible
A: yellow scales 1, magic shield, magic regeneration, foul shadow 1
a: Renounce Religion, Unearth Wretches


You were on level 9 of the Dungeon.
You worshipped Kikubaaqudgha.
Kikubaaqudgha was pleased with you.
You visited 1 branch of the dungeon, and saw 7 of its levels.

You collected 255 gold pieces.

Inventory:

Hand Weapons
 o - a +0 heavy war axe
 v - a +0 dagger of venom (weapon)
 w - a +2 trident of draining
Armour
 a - a +0 animal skin
 f - a scarf of invisibility
 j - a +2 pair of gloves (worn)
 m - a +0 ring mail (worn)
 s - a +1 helmet (worn)
Jewellery
 k - an amulet of faith (around neck)
 t - an amulet of regeneration
Talismans
 c - a beast talisman
 d - a flux talisman
Scrolls
 b - 2 scrolls of revelation
 g - 4 scrolls of teleportation
Potions
 e - 2 potions of mutation
 i - 2 potions of invisibility
 l - 3 potions of curing {unknown}
 n - a potion of resistance {unknown}
 p - a potion of haste {unknown}
 q - a potion of might {unknown}
 r - a potion of berserk rage {unknown}
 u - a potion of enlightenment {unknown}


   Skills:
 + Level 8.2 Fighting
 + Level 1.1 Armour
 - Level 1.7 Dodging
 - Level 2.6 Unarmed Combat
 - Level 2.3 Spellcasting
 - Level 7.3 Necromancy
 - Level 2.6 Shapeshifting


You had 6 spell levels left.
You knew the following spells:

 Your Spells              Type           Power      Damage    Failure   Level
a - Sublimation of Blood  Necr           17%        N/A       4%          2
b - Vampiric Draining     Necr           17%        2d7       9%          3

Your spell library contained the following spells:

 Spells                   Type           Power      Damage    Failure   Level
 Fugue of the Fallen      Necr           17%        N/A       9%          3
 Cigotuvi's Dreadful Rot  Necr/Alch/Air  12%        N/A       30%         2
 Summon Small Mammal      Summ           4%         N/A       47%         1
 Call Canine Familiar     Summ           1%         N/A       85%         3
 Summon Blazeheart Golem  Fire/Summ      1%         N/A       99%         4


Dungeon Overview and Level Annotations

Branches:
Dungeon (6/15)             Temple (0/1) D:5

Altars:
Ashenzari
Fedhas
Kikubaaqudgha
Jiyva

Shops:
D:9 [

Annotations:
D:9 3 runed translucent doors, Gastronok; scarr's ghost, novice GnWn


Innate Abilities, Weirdness & Mutations

You are partially covered in yellow scales. (AC +2)
When hurt, damage is shared between your health and your magic reserves.
You regenerate magic rapidly.
You are faintly shadowed, very rarely releasing foul flame when damaged in melee.


Message History

The gnoll is heavily wounded.
The gnoll hits you with a +0 whip of electrocution.
* * * LOW HITPOINT WARNING * * *
The gnoll is seared by the foul flame within you.
The gnoll is heavily wounded.
The gnoll closely misses you.
You take 4 damage, and have 7/68 hp.
You hit the gnoll but do no damage.
The gnoll looks as sick as possible!
The gnoll is heavily wounded.
The gnoll hits you but does no damage.
The gnoll hits you from afar with a +0 spear.
* * * LOW HITPOINT WARNING * * *
You now have 1/11 mp.
You hit the gnoll but do no damage.
The gnoll is almost dead.
The gnoll hits you but does no damage.
The gnoll hits you from afar with a +0 spear.
* * * LOW HITPOINT WARNING * * *
You take 4 damage, and have 3/68 hp.
You hit the gnoll but do no damage.
The gnoll is almost dead.
You kill the gnoll!
Kikubaaqudgha accepts your kill. The gnoll hits you but does no damage.
The gnoll attacks as it pursues you!
The gnoll hits you from afar with a +0 spear.
Okay, then.
You have nothing you can fire or use right now.
Okay, then.
Okay, then.
It was a potion of invisibility.
You fade into invisibility!
The gnoll hits you but does no damage.
Gastronok the Ponderous comes into view.
Gastronok gurgles horribly!
An orc warrior comes into view. It is wielding a +0 war axe.
Gastronok waves his eye-stalks in wide circles.
You die...
Gastronok gurgles, "About time.
I'm starving!"
Kikubaaqudgha rasps: You have failed me!
Welcome... death!

.......#...#.......
#.#.#...........#.......
..........ß...ß.#...###.
.............)..........
..........<.∩.>.....###.
......#.#.......#...###.
.......$..ß...ß...(.....
............#)##........
.#...#@#####.##........
..........g...###+++##..
......#.......##JWJ..###
.##...#.#####.#(.J....#
........ ###.......#
....w.... #.......#
.o....... ##..=..##
.####.#.## ##._$## #.#.


You could see Gastronok, an orc warrior (wandering, unable to see you) and a
gnoll (unable to see you).

Vanquished Creatures
  Jeremiah (D:6)
  Sigmund (D:3)
  An orc warrior (D:6)
  An ogre (D:5)
  3 phantoms
  A gnoll sergeant (D:9)
  A bullfrog (D:4)
  2 scorpions (D:5)
  A howler monkey (D:4)
  2 jellies
  A gnoll bouda (D:4)
  2 orc priests
  A hound (D:5)
  Jessica (D:3)
  2 iguanas (D:5)
  2 orc wizards
  16 gnolls
  An adder (D:4)
  A white imp (D:5)
  2 ribbon worms
  2 dart slugs (D:1)
  2 orcs (D:5)
  6 ball pythons
  7 bats
  4 endoplasms
  4 giant cockroaches
  9 goblins
  10 hobgoblins
  2 jackals (D:5)
  4 quokkas
  3 frilled lizards
  3 rats
99 creatures vanquished.

Notes
Turn   | Place    | Note
-------+----------+-------------------------------------------
     0 | D:1      | jasper the Demonspawn Shapeshifter began the quest for the
                  | Orb.
     0 | D:1      | Reached XP level 1. HP: 15/15 MP: 1/1
   101 | D:1      | Reached skill level 2 in Fighting
   101 | D:1      | Gained mutation: You are faintly shadowed, very rarely
                  | releasing foul flame when damaged in melee. [demonic
                  | ancestry]
   101 | D:1      | Reached XP level 2. HP: 22/22 MP: 2/2
   638 | D:2      | Reached skill level 3 in Fighting
   651 | D:2      | Gained mutation: You are partially covered in yellow
                  | scales. (AC +2) [demonic ancestry]
   651 | D:2      | Reached XP level 3. HP: 21/29 MP: 3/3
  1153 | D:3      | Found a faded altar of an unknown god.
  1184 | D:3      | Prayed at the altar of an unknown god.
  1184 | D:3      | Became a worshipper of Kikubaaqudgha
  1184 | D:3      | Reached * piety under Kikubaaqudgha
  1184 | D:3      | Received a gift from Kikubaaqudgha
  1525 | D:3      | Learned a level 2 spell: Sublimation of Blood
  1554 | D:3      | Noticed Sigmund
  1581 | D:3      | Killed Sigmund
  1582 | D:3      | Reached skill level 5 in Fighting
  1582 | D:3      | Gained mutation: You regenerate magic rapidly. [demonic
                  | ancestry]
  1582 | D:3      | Reached XP level 4. HP: 40/40 MP: 4/4
  1582 | D:3      | Reached XP level 5. HP: 46/46 MP: 5/5
  1729 | D:3      | Noticed Jessica
  1739 | D:3      | Killed Jessica
  1740 | D:3      | Reached skill level 6 in Fighting
  1925 | D:4      | Gained mutation: When hurt, damage is shared between your
                  | health and your magic reserves. [demonic ancestry]
  1925 | D:4      | Reached XP level 6. HP: 46/52 MP: 5/7
  2011 | D:4      | Reached skill level 1 in Spellcasting
  2185 | D:4      | Learned a level 3 spell: Vampiric Draining
  2476 | D:4      | Reached skill level 1 in Necromancy
  2671 | D:4      | Reached XP level 7. HP: 47/59 MP: 10/10
  2682 | D:4      | Reached ** piety under Kikubaaqudgha
  2927 | D:5      | Entered Level 5 of the Dungeon
  3084 | D:5      | Reached skill level 7 in Fighting
  3441 | D:5      | Found a staircase to the Ecumenical Temple.
  3653 | D:5      | Reached skill level 5 in Necromancy
  3789 | D:5      | Reached XP level 8. HP: 57/67 MP: 9/11
  4019 | D:5      | Found a broken altar of Ashenzari.
  4268 | D:6      | Noticed Jeremiah
  4513 | D:6      | Killed Jeremiah
  4657 | D:6      | Reached skill level 8 in Fighting
  4859 | D:6      | Found a blossoming altar of Fedhas.
  4886 | D:6      | You fall into a shaft and drop 3 floors!
  4927 | D:9      | Found a runed translucent gate.
  4929 | D:9      | Found a runed translucent gate.
  4930 | D:9      | Found a runed translucent gate.
  4933 | D:9      | Noticed scarr's ghost (novice GnWn)
  4933 | D:9      | Noticed a slime creature
  4936 | D:9      | Found Fusocaog's Armour Boutique.
  4936 | D:9      | Found a viscous altar of Jiyva.
  4989 | D:9      | Reached skill level 1 in Armour
  4993 | D:9      | HP: 3/68 [gnoll/+0 spear[a gnoll sergeant] (4)]
  5000 | D:9      | Noticed Gastronok
  5002 | D:9      | Killed from afar by Gastronok

Illustrated notes

Levels and vault maps discovered:
D:1:      saegor_arrival_simple_b, layout_basic
D:2:      layout_rooms
D:3:      layout_loops_ring, shapermc_ecumenical_altar_starsandcircs,
          hex_medium, minmay_puff, uniq_sigmund, uniq_jessica
D:4:      layout_rooms
D:5:      layout_loops_ring, mainiacjoe_overflow_chevrons,
          minmay_temple_entry_large_hall
D:6:      layout_loops_cross, jmf_multi_god_temple,
          mainiacjoe_overflow_concentric_impassable, uniq_jeremiah
D:9:      layout_basic, mainiacjoe_overflow_surrounded_room, serial_shops,
          nicolae_stop_n_shop_2, gammafunk_ghost_ooze, uniq_grum, uniq_gastronok

Skill      XL: |  1  2  3  4  5  6  7  8 |
---------------+-------------------------+-----
Fighting       | 2 3 5 6 7 8 |  8.2
Spellcasting   | 2 |  2.3
Necromancy     | 1 5 7 |  7.3
Armour         | 1 |  1.1
Dodging        | |  1.7
Unarmed Combat | |  2.6
Shapeshifting  | |  2.6

Action                     |  1- 3 |  4- 6 |  7- 9 || total
---------------------------+-------+-------+-------++-------
  Melee: Unarmed           |   171 |     7 |     6 ||   184
         Punch             |     7 |       |     1 ||     8
         Dagger            |       |   127 |   321 ||   448
   Cast: Vampiric Draining |       |       |     7 ||     7
Ability: Begin Untransform |       |     1 |       ||     1
    Use: Scroll            |     6 |     3 |     2 ||    11
         Potion            |     3 |       |     3 ||     6
   Stab: Sleeping          |     2 |       |       ||     2
 Armour: Animal skin       |    44 |       |       ||    44
         Ring mail         |    41 |    91 |   258 ||   390
         Skin              |    13 |       |     3 ||    16
  Dodge: Dodged            |   116 |    79 |   173 ||   368

Table legend: (Time is in decaauts)
 A = Elapsed time spent in this place.
 B = Non-inter-level travel time spent in this place.
 C = Inter-level travel time spent in this place.
 D = Time resting spent in this place.
 E = Time spent auto-exploring this place.
 F = Levels seen in this place.
 G = Mean time per level.
                   A        B        C        D        E       F      G
               +--------+--------+--------+--------+--------+-----+--------+
         Total |   4991 |   4925 |     66 |    367 |   3167 |   7 |  713.0 |
       Dungeon |   4991 |   4925 |     66 |    367 |   3167 |   7 |  713.0 |
               +--------+--------+--------+--------+--------+-----+--------+

Top non-repeatable levels by time:
     D:5: 1537 daAuts
     D:4: 1012 daAuts
     D:3: 896 daAuts
     D:1: 585 daAuts
     D:2: 422 daAuts
     D:6: 421 daAuts
     D:9: 115 daAuts
